 Dungeon Crawl Stone Soup version 0.20.1-1-g8b1a95d (webtiles) character file.

163 dvd the Cudgeler (level 5, 0/40 HPs)
             Began as a Minotaur Wanderer on Aug 6, 2017.
             Was an Initiate of Qazlal.
             Slain by an adder (3 damage)
             ... on level 6 of the Dungeon.
             The game lasted 00:05:39 (2548 turns).

dvd the Cudgeler (Minotaur Wanderer)                Turns: 2548, Time: 00:05:40

Health: 0/40       AC:  5    Str: 13    XL:     5   Next: 20%
Magic:  13/13      EV: 11    Int: 10    God:    Qazlal [......]
Gold:   188        SH:  0    Dex: 13    Spells: 4/4 levels left

rFire    + . .     SeeInvis .   a - +2 mace
rCold    . . .     Gourm    +   (no shield)
rNeg     . . .     Faith    .   q - +0 ring mail
rPois    .         Spirit   .   (helmet restricted)
rElec    .         Reflect  .   (no cloak)
rCorr    .         Harm     .   (no gloves)
MR       .....                  (no boots)
Stlth    +.........             x - amulet of the gourmand
Regen    0.2/turn               s - ring of protection from fire
MPRegen  0.2/turn               y - ring of magical power

@: drained
A: retaliatory headbutt, horns 2
a: Renounce Religion


You were on level 6 of the Dungeon.
You worshipped Qazlal.
Qazlal was noncommittal.
You were not hungry.

You visited 1 branch of the dungeon, and saw 4 of its levels.

You collected 188 gold pieces.

Inventory:

Hand Weapons
 a - a +2 mace (weapon)
 b - a +0 war axe
 d - a +0 blowgun
 p - a +0 flail of draining
 t - a +0 hand axe
Missiles
 c - 18 poisoned needles
Armour
 e - a +0 robe
 n - a +0 scale mail
 q - a +0 ring mail (worn)
Jewellery
 s - a ring of protection from fire (left hand)
 w - an uncursed ring of fire
 x - an amulet of the gourmand (around neck)
 y - a ring of magical power (right hand)
Scrolls
 h - a scroll of recharging {unknown}
 k - 2 scrolls of fog
 l - a scroll of identify
 u - a scroll of remove curse {unknown}
Potions
 i - a potion of might {unknown}
 j - 2 potions of lignification {unknown}
 m - a potion of ambrosia
 r - a potion of berserk rage {unknown}
Comestibles
 f - a bread ration
 g - 2 royal jellies
 o - 2 meat rations
 z - 2 fruits


   Skills:
 + Level 1.3(0.8) Fighting
   Level 2.1(1.7) Short Blades
 + Level 5.7(5.2) Maces & Flails
 + Level 1.0(0.5) Throwing
 + Level 1.9(1.4) Armour
 + Level 3.1(2.6) Dodging
 + Level 1.6(1.1) Stealth
   Level 1.2(0.7) Shields


You had 4 spell levels left.
You didn't know any spells.

Dungeon Overview and Level Annotations

Branches:
Dungeon (3/15)

Altars:
Cheibriados
Gozag
Qazlal

Annotations:
D:3 pib's ghost, amateur KoBe
D:6 Savaroth's ghost, novice MiBe


Innate Abilities, Weirdness & Mutations

You reflexively headbutt those who attack you in melee.
You have a pair of horns on your head.


Message History

* * * LOW HITPOINT WARNING * * *
The howler monkey hoots and howls with incredible vigour!
You hear a shout!
You hear a roar!
You hear a shout!
Found 12 gold pieces.
The howler monkey hoots and howls with incredible vigour!
The howler monkey hoots and howls with incredible vigour!
Savaroth's ghost lets out a mournful wail.
The adder barely misses you. The howler monkey hits you.
* * * LOW HITPOINT WARNING * * *
The adder bites you.
* * * LOW HITPOINT WARNING * * *
The howler monkey hoots and howls with incredible vigour!
You hear a shout!
Found a stone staircase leading down.
The howler monkey hits you but does no damage.
The howler monkey hoots and howls with incredible vigour!
The iguana hisses menacingly.
The adder bites you.
You die...

##..#### #......# #.#
#......###...
#.......#..#
#.........#
####.........#
#####..W.........##
####.W....#..........#
.....######.l.hS@....#
.....### #..........#
.......# #..........#
.......# #.........##
.......# #.........#
.......# #.........#
........# #.........#
........# #........##
........#


You could see a howler monkey, an iguana, Savaroth's ghost and an adder.

Vanquished Creatures
  Terence (D:3)
  Natasha (thrice) (D:2)
  An adder (D:3)
  An ooze (D:1)
  A dart slug (D:1)
  3 leopard geckos
  10 bats
  4 giant cockroaches
  8 goblins
  4 hobgoblins
  3 frilled lizards
  6 kobolds
  4 rats
49 creatures vanquished.

Notes
Turn   | Place    | Note
-------+----------+-------------------------------------------
     0 | D:1      | dvd the Minotaur Wanderer began the quest for the Orb.
     0 | D:1      | dvd set off with: a +2 mace, a potion of curing, 12 poisoned needles, a +0 blowgun, a +0 robe, a bread ration
     0 | D:1      | Reached XP level 1. HP: 14/14 MP: 0/0
    53 | D:1      | Reached skill level 4 in Maces & Flails
   206 | D:1      | Reached XP level 2. HP: 19/20 MP: 1/1
   919 | D:1      | Reached XP level 3. HP: 26/26 MP: 2/2
  1157 | D:2      | Found a stormy altar of Qazlal.
  1163 | D:2      | Became a worshipper of Qazlal Stormbringer
  1246 | D:2      | Noticed Natasha
  1258 | D:2      | Killed Natasha
  1258 | D:2      | Reached skill level 5 in Maces & Flails
  1409 | D:2      | Noticed Natasha
  1417 | D:2      | Killed Natasha
  1417 | D:2      | Reached skill level 1 in Fighting
  1417 | D:2      | Reached XP level 4. HP: 5/35 MP: 3/3
  1445 | D:2      | Noticed Natasha
  1700 | D:2      | Killed Natasha
  1700 | D:2      | Reached skill level 1 in Armour
  2138 | D:3      | Noticed pib's ghost (amateur KoBe)
  2227 | D:3      | Noticed Terence
  2238 | D:3      | Killed Terence
  2238 | D:3      | Reached XP level 5. HP: 30/40 MP: 4/4
  2349 | D:3      | Found a snail-covered altar of Cheibriados.
  2430 | D:3      | Found an opulent altar of Gozag.
  2460 | D:3      | You fall through a shaft for 3 floors!
  2460 | D:6      | Noticed Savaroth's ghost (novice MiBe)
  2501 | D:6      | HP: 2/40 [adder (2)]
  2536 | D:6      | HP: 1/40 [adder (3)]
  2548 | D:6      | Slain by an adder

Skill      XL: |  1  2  3  4 |
---------------+-------------+-----
Maces & Flails | 4 5 |  5.7
Fighting       | 1 |  1.3
Armour         | 1 |  1.9
Dodging        | 3 |  3.1
Short Blades   | |  2.1
Throwing       | |  1.0
Stealth        | |  1.6
Shields        | |  1.2

Action                   |  1- 3 |  4- 6 || total
-------------------------+-------+-------++-------
Melee: Mace              |    74 |    37 ||   111
       Headbutt          |     9 |     2 ||    11
  Use: Scroll            |       |     2 ||     2
       Potion            |       |     1 ||     1
 Stab: Sleeping          |     4 |     1 ||     5
  Eat: Chunk             |     2 |    10 ||    12
Armor: Ring mail         |    13 |    18 ||    31
       Robe              |     1 |       ||     1
Dodge: Dodged            |    29 |    30 ||    59
